cohdb
Replays
Latest Replays
All Replays
Popular Replays
Top Player Replays
Match Explorer
How It Works
Community
CoH3 Stats
Reddit
Sign in to upload your games and track your stats! →
Sign in with Steam
Match 43482380
Unlisted
Match 43482380
Overview
Messages
Build Orders
End
Panzergrenadier Squad
250 Light Carrier
Selects Battlefield Espionage Battlegroup
Panzerpioneer Squad
Construct Light Support Kompanie
MG34 Team
Combat Half-tracks
Fire Support Elements
Selects 250/3 Funkpanzerwagen
MG34 Team
Assault Mechanized Group
Flakvierling Half-track
2.5-tonne Medical Truck
Vehicle Survival Package
Selects Advanced Ambush Training
Selects Sector Subterfuge Beacon
Pak 38 Mechanized Group
Selects Plunder
Construct Panzerarmee Kommand
mec
Carl
Bendana(ultra mechanical player)
JT9001
admiral_gnar
Bruno Kalito
0
0
Comments
sign in to comment!
No comments posted yet!